 Dungeon Crawl Stone Soup version 0.29.1-12-g30fa7ad0bf (webtiles) character file.

Game seed: 12223796933807381944

22474 croobank the Destroyer (level 12, -1/93 (94) HPs)
             Began as a Demonspawn Conjurer on Dec 17, 2022.
             Was an Initiate of Gozag.
             Slain by a five-headed hydra (6 damage)
             ... on level 2 of the Lair of Beasts on Dec 18, 2022.
             The game lasted 00:59:39 (16100 turns).

croobank the Destroyer (Demonspawn Conjurer)       Turns: 16100, Time: 00:59:39

HP:   -1/93 (94)    AC: 17    Str:  9    XL:     12   Next: 63%
MP:   13/24         EV: 14    Int: 24    God:    Gozag
Gold: 804           SH:  8    Dex: 11    Spells: 15/27 levels left

rFire   + + .      SeeInvis .   Y - +1 scimitar (flame)
rCold   . . .      Faith    .   M - +1 buckler
rNeg    . . .      Spirit   .   R - +2 robe {rC+}
rPois   .          Reflect  .   z - +1 helmet
rElec   +          Harm     .   i - scarf {repulsion}
rCorr   .          Rampage  .   q - +1 pair of gloves
Will    .....                   D - +0 pair of boots
Stlth   ++++......              h - amulet of magic regeneration
HPRegen 0.25/turn               k - ring of protection from fire
MPRegen 0.78/turn               G - ring of fire

@: gold aura, lightly drained, repel missiles
A: thin metallic scales 3, icemail 1, magic regeneration, condensation shield
a: Renounce Religion, Potion Petition, Call Merchant, Bribe Branch


You were on level 2 of the Lair of Beasts.
You worshipped Gozag.
Gozag was pleased with you.
You visited 3 branches of the dungeon, and saw 15 of its levels.

You collected 1506 gold pieces.
You paid 702 gold pieces to Gozag.

Inventory:

Hand Weapons
 a - a +1 whip of electrocution
 c - a +4 dagger of venom
 u - a +1 vorpal mace
 v - a +2 trident
 C - a +3 scythe of flaming
 I - a +0 quarterstaff
 P - a +4 dire flail
 Q - a +3 falchion of freezing
 X - a +0 sling
 Y - a +1 scimitar of flaming (weapon)
Missiles
 g - 4 throwing nets
 p - 3 boomerangs of dispersal (quivered)
 s - 5 javelins
Armour
 i - a scarf of repulsion (worn)
 q - a +1 pair of gloves (worn)
 r - a +0 kite shield
 z - a +1 helmet (worn)
 D - a +0 pair of boots (worn)
 M - a +1 buckler (worn)
 O - a +0 ring mail of poison resistance
 R - a +2 robe of cold resistance (worn)
 U - +0 ice dragon scales
Jewellery
 e - the amulet "Dopt" {rC- Regen+ Int+6 SInv Stlth+}
   (You found it on level 4 of the Dungeon)

   [amulet of regeneration]

   Int:       It affects your intelligence (+6).
   rC:        It makes you vulnerable to cold.
   SInv:      It lets you see invisible.
   Regen:     It increases your rate of health regeneration.
   Stlth:     It makes you more stealthy.
 h - an amulet of magic regeneration (around neck)
 k - a ring of protection from fire (left hand)
 m - a ring of see invisible
 n - a ring of wizardry
 G - a ring of fire (right hand)
 J - an amulet of reflection
 S - an amulet of guardian spirit
Wands
 l - a wand of flame (35)
 x - a wand of roots (14)
 y - a wand of mindburst (4)
 K - a wand of quicksilver (8)
 L - a wand of polymorph (2)
Scrolls
 f - 7 scrolls of teleportation
 t - 2 scrolls of brand weapon
 E - a scroll of butterflies
 F - 2 scrolls of amnesia
 T - a scroll of magic mapping
 W - 2 scrolls of identify
Potions
 b - 4 potions of magic
 d - 12 potions of curing
 j - 4 potions of invisibility
 o - 3 potions of brilliance
 w - 2 potions of attraction
 A - 3 potions of mutation
 B - 3 potions of berserk rage
 H - 3 potions of flight
 N - a potion of might
 V - a potion of haste


   Skills:
 + Level 8.4 Fighting
 + Level 8.0 Dodging
 + Level 8.8 Stealth
 + Level 8.2 Spellcasting
 + Level 9.4 Conjurations
 + Level 8.4 Hexes
 - Level 5.0 Translocations


You had 15 spell levels left.
You knew the following spells:

 Your Spells              Type           Power      Damage    Failure   Level
a - Magic Dart            Conj           100%       1d8       1%          1
b - Searing Ray           Conj           100%       2d8       1%          2
c - Dazzling Flash        Conj/Hex       100%       N/A       1%          3
d - Iskenderun's Mystic   Conj/Tloc      44%        2d10      4%          4
e - Wereblood             Tmut           9%         N/A       13%         2

Your spell library contained the following spells:

 Spells                   Type           Power      Damage    Failure   Level
 Foxfire                  Conj/Fire      100%       2x1d9     1%          1
 Portal Projectile        Hex/Tloc       84%        N/A       1%          3
 Ensorcelled Hibernation  Hex/Ice        60%        N/A       2%          2
 Cause Fear               Hex            25%        N/A       2%          4
 Fulminant Prism          Conj/Hex       26%        3d14      2%          4
 Conjure Flame            Conj/Fire      48%        6-21      3%          3
 Inner Flame              Hex/Fire       45%        N/A       4%          3
 Flame Wave               Conj/Fire      48%        2d12      12%         4
 Sticky Flame             Conj/Fire      48%        2d7       12%         4
 Passwall                 Tmut/Erth      7%         N/A       13%         2
 Scorch                   Fire           28%        2d6       13%         2
 Sublimation of Blood     Necr           9%         N/A       13%         2
 Leda's Liquefaction      Hex/Erth       15%        N/A       16%         4
 Call Canine Familiar     Summ           9%         N/A       26%         3
 Ignite Poison            Fire/Tmut/Pois 14%        N/A       26%         3
 Ozocubu's Armour         Ice            9%         N/A       26%         3
 Swiftness                Air            9%         N/A       26%         3
 Dispel Undead            Necr           9%         3d8       65%         4
 Olgreb's Toxic Radiance  Pois           9%         N/A       65%         4
 Death Channel            Necr           4%         N/A       100%        6
 Summon Cactus Giant      Summ           4%         N/A       100%        6
 Ozocubu's Refrigeration  Ice            4%         4d8       100%        7
 Summon Hydra             Summ           4%         N/A       100%        7
 Discord                  Hex            25%        N/A       100%        8
 Ignition                 Fire           7%         3d4       100%        8
 Corpse Rot               Necr/Pois/Air  Unusable   N/A       N/A         4

Dungeon Overview and Level Annotations

Branches:
Dungeon (12/15)            Temple (1/1) D:6            Lair (2/5) D:10
    Orc (0/2) D:9
  Swamp: Lair:2-3    Shoals: Lair:2-3     Snake: Lair:2-3    Spider: Lair:2-3

Altars:
Ashenzari
Cheibriados
Dithmenos
Fedhas
Gozag
Hepliaklqana
Kikubaaqudgha
Makhleb
Nemelex Xobeh
Okawaru
Qazlal
Ru
Sif Muna
Trog
Uskayaw
Vehumet
Wu Jian
Xom
Yredelemnul

Shops:
D:1 :

Portals:
Trove: D:11 (give +3 ice dragon scales)

Annotations:
D:3 2 transporters, qwert's ghost, amateur MiMo
D:6 1 runed translucent door, Crazy Yiuf
D:9 Erolcha
D:11 exclusion: skeletal warrior
D:12 2 transporters, SirLogeyBear's ghost, journeyman HOBe


Innate Abilities, Weirdness & Mutations

You are completely covered in thin metallic scales. (AC +4, rElec)
A meltable icy envelope protects you from harm. (AC +4)
You regenerate magic rapidly.
A meltable shield of frost defends you. (SH +4)


Message History

The seven-headed hydra bites you but does no damage.
You block the seven-headed hydra's attack.
The seven-headed hydra bites you but does no damage.
The seven-headed hydra misses you. The seven-headed hydra bites you!
* * * LOW HITPOINT WARNING * * *
You block the seven-headed hydra's attack. x2
The seven-headed hydra is distracted by your dazzling golden aura.
You hack one of the seven-headed hydra's heads off!
The flame cauterises the wound!
You slash the six-headed hydra! You burn the six-headed hydra.
The six-headed hydra is no longer distracted by gold.
The six-headed hydra is heavily wounded.
The six-headed hydra is distracted by your dazzling golden aura.
You barely miss the six-headed hydra.
The six-headed hydra is no longer distracted by gold.
The six-headed hydra is heavily wounded.
You block the six-headed hydra's attack.
The six-headed hydra bites you.
* * * LOW HITPOINT WARNING * * *
You block the six-headed hydra's attack.
The six-headed hydra completely misses you.
The six-headed hydra bites you.
* * * LOW HITPOINT WARNING * * *
The six-headed hydra bites you but does no damage.
The six-headed hydra barely misses you.
You block the six-headed hydra's attack.
The six-headed hydra bites you but does no damage.
The six-headed hydra closely misses you.
The six-headed hydra barely misses you.
The six-headed hydra bites you but does no damage.
You chop one of the six-headed hydra's heads off!
The flame cauterises the wound!
You hit the five-headed hydra. You burn the five-headed hydra.
The five-headed hydra is heavily wounded.
The sentinel's mark upon you fades away.
The five-headed hydra bites you!
* * * LOW HITPOINT WARNING * * *
The five-headed hydra bites you.
You die...
Your body crumbles into a pile of gold.

...#..#.#.###.## .....
.....#.#####
.###..###.#.#.#P#.####P
........................
#.#$.#.#$#.#.##..##....#
#........#.######.######
..#..#...#.# ###
.........#.# ##...#@.#.#
......$D...#
........#.## ###.##.####
## .. #.. ##. #.


You could see a five-headed hydra.

Vanquished Creatures
  Harold (D:10)
  An ice dragon (Lair:1)
  A hydra (Lair:2)
  Erica (Lair:2)
  2 two-headed ogres
  4 death yaks
  Nergalle (Lair:2)
  A deep elf pyromancer (D:12)
  2 ugly things
  A manticore (D:11)
  3 cyclopes
  An elephant (D:10)
  A black mamba (Lair:1)
  4 cane toads
  An unseen horror (D:10)
  2 gargoyles (D:12)
  Psyche (D:12)
  A komodo dragon (Lair:1)
  5 trolls
  Grinder (D:3)
  A hornet (D:10)
  Sigmund (D:6)
  2 wraiths
  2 shadows (D:11)
  3 wyverns
  16 yaks
  Grum (Lair:1)
  2 basilisks (Lair:1)
  4 water moccasins
  An orc warrior (D:9)
  2 sky beasts
  6 black bears
  2 ice beasts
  6 ogres
  2 wolves (Lair:1)
  4 centaurs
  3 phantoms (D:6)
  A kobold brigand (D:10)
  8 bullfrogs
  A gnoll sergeant (D:7)
  A scorpion (D:5)
  7 wights
  4 killer bees (D:8)
  2 howler monkeys (D:8)
  6 orc priests
  A gnoll bouda (D:8)
  5 hounds
  A jelly (D:4)
  3 iguanas
  7 orc wizards
  8 gnolls
  7 adders
  A shadow imp (D:5)
  A white imp (D:7)
  2 ufetubi (D:5)
  A worm (D:2)
  3 dart slugs
  30 orcs
  9 ball pythons
  4 bats
  5 endoplasms
  6 giant cockroaches
  10 goblins
  6 hobgoblins
  7 jackals (D:1)
  12 kobolds
  7 quokkas
  7 frilled lizards
  4 rats
270 creatures vanquished.

Vanquished Creatures (collateral kills)
  A goblin (D:4)
  A kobold (D:4)
2 creatures vanquished.

Vanquished Creatures (others)
  6 fungi
  9 plants
15 creatures vanquished.

Grand Total: 287 creatures vanquished

Notes
Turn   | Place    | Note
-------+----------+-------------------------------------------
     0 | D:1      | croobank the Demonspawn Conjurer began the quest for the
                  | Orb.
     0 | D:1      | Reached XP level 1. HP: 13/13 MP: 3/3
   300 | D:1      | Gained mutation: You are partially covered in thin metallic
                  | scales. (AC +2) [demonic ancestry]
   300 | D:1      | Reached XP level 2. HP: 16/19 MP: 0/5
   312 | D:1      | Learned a level 2 spell: Searing Ray
   752 | D:1      | Found a faded altar of an unknown god.
   827 | D:1      | Reached XP level 3. HP: 18/25 MP: 0/6
   917 | D:1      | Learned a level 3 spell: Dazzling Flash
  1259 | D:1      | Found Ruinaih's Book Emporium.
  1494 | D:2      | Reached skill level 1 in Fighting
  1653 | D:2      | Found a broken altar of Ashenzari.
  1854 | D:2      | Reached XP level 4. HP: 32/32 MP: 1/7
  2214 | D:3      | Noticed qwert's ghost (amateur MiMo)
  2215 | D:3      | Found a transporter.
  2222 | D:3      | Noticed Grinder
  2381 | D:3      | Reached skill level 1 in Hexes
  3280 | D:3      | Found a shimmering altar of Xom.
  3314 | D:3      | Gained mutation: You regenerate magic rapidly. [demonic
                  | ancestry]
  3314 | D:3      | Reached XP level 5. HP: 37/37 MP: 9/9
  3380 | D:3      | Found a transporter.
  3421 | D:3      | Paralysed by Grinder for 3 turns
  3429 | D:3      | Killed Grinder
  3430 | D:3      | Gained mutation: You are mostly covered in thin metallic
                  | scales. (AC +3) [demonic ancestry]
  3430 | D:3      | Reached XP level 6. HP: 38/44 MP: 5/10
  3805 | D:4      | Identified the amulet "Dopt" {rC- Regen+ Int+6 SInv Stlth+}
  4250 | D:4      | Found a hazy altar of Hepliaklqana.
  4251 | D:4      | Found a shadowy altar of Dithmenos.
  4251 | D:4      | Noticed a shadow
  4317 | D:4      | Reached skill level 5 in Conjurations
  4317 | D:4      | Gained mutation: A meltable shield of frost defends you.
                  | (SH +4) [demonic ancestry]
  4317 | D:4      | Reached XP level 7. HP: 29/51 MP: 2/12
  4747 | D:5      | Entered Level 5 of the Dungeon
  5238 | D:5      | Gained mutation: You are completely covered in thin
                  | metallic scales. (AC +4, rElec) [demonic ancestry]
  5238 | D:5      | Reached XP level 8. HP: 58/58 MP: 1/14
  5647 | D:6      | Found a staircase to the Ecumenical Temple.
  5659 | Temple   | Entered the Ecumenical Temple
  6128 | D:6      | Noticed Sigmund
  6137 | D:6      | Killed Sigmund
  6138 | D:6      | Reached skill level 6 in Conjurations
  6165 | D:6      | Reached skill level 5 in Stealth
  6328 | D:6      | Gained mutation: A meltable icy envelope protects you from
                  | harm. (AC +4) [demonic ancestry]
  6328 | D:6      | Reached XP level 9. HP: 66/66 MP: 12/16
  6554 | D:6      | Reached skill level 5 in Spellcasting
  6698 | D:6      | Found a runed translucent door.
  6699 | D:6      | Noticed Crazy Yiuf
  7152 | D:7      | Reached skill level 5 in Dodging
  7198 | D:7      | Reached skill level 5 in Fighting
  7229 | D:7      | Reached skill level 5 in Hexes
  7655 | D:7      | Learned a level 4 spell: Iskenderun's Mystic Blast
  8352 | D:8      | Reached skill level 7 in Conjurations
  8352 | D:8      | Reached skill level 1 in Translocations
  8401 | D:8      | Noticed a cyan ugly thing
  8438 | D:8      | Killed a cyan ugly thing
  8439 | D:8      | Reached XP level 10. HP: 56/75 MP: 7/18
  8621 | D:8      | Found a stormy altar of Qazlal.
  9951 | D:9      | Found a staircase to the Orcish Mines.
 10294 | D:9      | Noticed Erolcha
 10306 | D:10     | Entered Level 10 of the Dungeon
 10311 | D:10     | Noticed Harold
 10326 | D:10     | Paralysed by a hornet for 2 turns
 10331 | D:10     | Killed Harold
 10335 | D:10     | Reached XP level 11. HP: 32/83 MP: 1/20
 10570 | D:10     | Found an opulent altar of Gozag.
 10575 | D:10     | Found an opulent altar of Gozag.
 10575 | D:10     | Found an opulent altar of Gozag.
 10578 | D:10     | Became a worshipper of Gozag Ym Sagoz the Greedy
 10584 | D:10     | Reached skill level 8 in Conjurations
 10902 | D:10     | Learned a level 2 spell: Wereblood
 11022 | D:10     | Found an opulent altar of Gozag.
 11085 | D:10     | Noticed a two-headed ogre
 11098 | D:10     | Killed a two-headed ogre
 11204 | D:10     | Noticed a death yak
 11211 | D:10     | Found a staircase to the Lair.
 11440 | D:10     | Killed a death yak
 12006 | D:11     | Noticed a skeletal warrior
 12006 | D:11     | Noticed a skeletal warrior
 12137 | D:11     | Found a portal to a secret trove of treasure.
 12356 | D:11     | Noticed a two-headed ogre
 12382 | D:11     | Killed a two-headed ogre
 12570 | D:11     | Noticed a skeletal warrior
 12608 | D:12     | Found a transporter.
 12612 | D:12     | Found a transporter.
 12614 | D:12     | Noticed SirLogeyBear's ghost (journeyman HOBe)
 12635 | D:12     | Noticed a deep elf pyromancer
 12649 | D:12     | Killed a deep elf pyromancer
 12694 | D:12     | Noticed a purple ugly thing
 12714 | D:12     | Killed a purple ugly thing
 13066 | D:12     | Reached XP level 12. HP: 91/91 MP: 15/23
 13242 | D:12     | Noticed Psyche
 13252 | D:12     | Killed Psyche
 13295 | D:12     | Found a shimmering blue altar of Sif Muna.
 13437 | Lair:1   | Entered Level 1 of the Lair of Beasts
 13609 | Lair:1   | Noticed a death yak
 13609 | Lair:1   | Noticed a death yak
 13610 | Lair:1   | Noticed a death yak
 13852 | Lair:1   | Reached skill level 5 in Translocations
 13945 | Lair:1   | Noticed Grum
 13960 | Lair:1   | Killed Grum
 14067 | Lair:1   | Reached skill level 9 in Conjurations
 14359 | Lair:1   | Killed a death yak
 14474 | Lair:1   | Noticed an ice dragon
 14517 | Lair:1   | Killed an ice dragon
 15033 | Lair:1   | Killed a death yak
 15035 | Lair:1   | Killed a death yak
 15422 | Lair:2   | Noticed Erica
 15438 | Lair:2   | Killed Erica
 16055 | Lair:2   | Noticed a four-headed hydra
 16060 | Lair:2   | Noticed Nergalle
 16068 | Lair:2   | Killed a one-headed hydra
 16089 | Lair:2   | Noticed an eight-headed hydra
 16093 | Lair:2   | Killed Nergalle
 16100 | Lair:2   | Slain by a five-headed hydra

Illustrated notes

Levels and vault maps discovered:
D:1:      dpeg_arrival_radiant, layout_basic,
          shapermc_ecumenical_altar_notcrosses, serial_shops, shop,
          hex_intersection, st_stairs_2
D:2:      layout_loops_ring, basic_altar, grunt_ministairs_3,
          kennysheep_generic_room_6
D:3:      layout_basic, mainiacjoe_overflow_two_lobes, serial_forest,
          infiniplex_forest_zigzag_2, infiniplex_forest_lined_1,
          infiniplex_forest_clump_tiny, infiniplex_forest_diagonal,
          gammafunk_ghost_mausoleum, uniq_grinder
D:4:      layout_rooms, riverfiend_overflow_shadow_ancestor,
          corexii_checkpoint_b
D:5:      layout_basic, wad_floor_pattern_1, hangedman_decor_points
D:6:      layout_loops_ring, minmay_temple_entry_fiery,
          chequers_serial_rivers_small_b,
          nicolae_concentric_dashed_squares_wild, uniq_sigmund,
          uniq_crazy_yiuf_cottage
D:7:      layout_basic
D:8:      layout_basic, nicolae_qazlal_style_of_elements,
          dreamdust_gnoll_shepherd
D:9:      layout_cave_pools, orc_0_dummy, uniq_gastronok, uniq_erolcha
D:10:     layout_basic, nicolae_gozag_conspicuous_consumption,
          david_lair_generic, uniq_harold
D:11:     layout_stronghold, serial_glass, glass_columns_a, glass_columns_a,
          nicolae_trove_entry_free_sample
D:12:     layout_roguey, gammafunk_ghost_hive, led_sif_pool, uniq_psyche
Temple:   minmay_temple_bridge_d
Lair:1:   dragon1_lemuel, layout_regular_city, lemuel_fruit_fields, uniq_grum
Lair:2:   layout_small_grid, minivault_27, uniq_nergalle, uniq_erica

Skill      XL: |  1  2  3  4  5  6  7  8  9 10 11 12 |
---------------+-------------------------------------+-----
Stealth        | 2 3 4 5 6 7 8 |  8.8
Dodging        | 2 3 4 5 6 7 8 |  8.0
Fighting       | 1 2 3 4 5 6 7 8 |  8.4
Hexes          | 1 2 3 4 5 6 7 8 |  8.4
Spellcasting   | 3 4 5 6 7 8 |  8.2
Conjurations   | 5 6 7 8 9 |  9.4
Translocations | 1 3 4 5 |  5.0

Action                   |  1- 3 |  4- 6 |  7- 9 | 10-12 || total
-------------------------+-------+-------+-------+-------++-------
Melee: Whip              |    67 |    66 |       |       ||   133
       Unarmed           |     1 |       |       |       ||     1
       Punch             |       |     1 |     1 |       ||     2
       Dagger            |       |     8 |    85 |   182 ||   275
       Scimitar          |       |       |       |    18 ||    18
Throw: Javelin           |       |     1 |       |       ||     1
       Throwing net      |       |       |       |     1 ||     1
 Cast: Magic Dart        |    39 |     5 |    56 |    52 ||   152
       Searing Ray       |    12 |    16 |    57 |    77 ||   162
       Dazzling Flash    |       |       |     2 |    18 ||    20
       Iskenderun's Myst |       |       |     1 |    99 ||   100
       Wereblood         |       |       |       |     3 ||     3
Invok: Potion Petition   |       |       |       |     1 ||     1
  Use: Scroll            |       |    11 |     4 |    14 ||    29
       Potion            |       |       |       |     4 ||     4
 Stab: Sleeping          |     1 |     3 |     6 |    10 ||    20
       Distracted        |     1 |       |       |       ||     1
       Invisible         |       |       |     1 |     5 ||     6
Armor: Robe              |    18 |    32 |    56 |   154 ||   260
Dodge: Dodged            |    67 |    61 |   110 |   222 ||   460
       Repelled          |       |       |       |     3 ||     3
Block: Other             |       |       |    22 |     1 ||    23
       Buckler           |       |       |       |   121 ||   121
